[Event "*** Titled Tuesday 3|2 Blitz"]
[Site "Chess.com"]
[Date "2015.11.03"]
[Round "3"]
[White "Boryboy"]
[Black "Sadovsky_Artem"]
[Result "1/2-1/2"]
[WhiteElo "2478"]
[BlackElo "2443"]
[TimeControl "180+2"]
[EndTime "17:37:25 PST"]
[Termination "Game drawn by agreement"]

1. d4 g6 2. Nf3 Bg7 3. g3 c5 4. Bg2 cxd4 5. Nxd4 Nf6 6. c4 O-O 7. O-O Nc6 8. Nc3 Nxd4 9. Qxd4 d6 10. b3 Bf5 11. Bb2 Ne4 12. Qe3 Nc5 13. Rad1 Qc8 14. Nd5 Re8 15. Bxg7 Kxg7 16. Nxe7 Qe6 17. Qd4+ Qe5 18.
Nxf5+ gxf5 19. e3 Rad8 20. Qxe5+ dxe5 21. Bd5 Re7 22. Kg2 a5 23. h3 b6 24. g4 fxg4 25.
hxg4 Rd6 26. Rh1 h6 27. f3 e4 28. f4 a4 29. Rb1 axb3 30. axb3 Ra7 31. Ra1 Rxa1 32. Rxa1 Rd7 33. b4 Nd3 34. Bxe4 Nxb4 35. Rb1 Nc2 36. Bxc2 Rd2+ 37. Kf3 Rxc2 38. Rb4 Rc1 39. Ke4 Rg1 40. Rxb6 Rxg4 41. Rb3 Rg1 42. Rc3 Kf8 43. c5 Ke7 44. c6 Kd8 45. Kf5 Rg6 46.
Rd3+ Ke7 47. Rd7+ Ke8 48. Rc7 Re6 49. e4 h5 50. e5 h4 51. Ke4 h3 52. Kd5 Rh6 53.
Rc8+ Ke7 54. c7 Kd7 55. Ra8 Kxc7 56. Ra7+ Kb6 57. Ra1 h2 58. Rh1 Kc7 59. f5 Rh5 60. Ke4 Kd7 61. Kf4 Ke7 62. Kg4 Rh8 63. Kf4 Rh4+ 64.
Kg5 Re4 65. Rxh2 Rxe5 66. Kf4 Ra5 67. Rh6 Ra2 68. Rb6 Ra4+ 69. Kg5 Ra1 70. Rb7+ Kf8 71. Rc7 Ra5 72. Rb7 Kg7 73. Rb6 Ra1 74. f6+ Kh7 75. Rb7 Ra5+ 76. Kg4 Kg6 77. Rb6 Rf5 78. Rc6 Rg5+ 79. Kf4 Rg1 80. Rb6 Ra1 81. Kg4 Ra4+ 82.
Kf3 Kf5 83. Ke3 Re4+ 84. Kf3 Rf4+ 85. Kg3 Rf1 86. Ra6 Kg5 87. Rb6 Ra1 88. Rc6 Ra3+ 89.
Kg2 Kf5 90. Kf2 Kg4 91. Rc7 Rf3+ 92. Ke2 Rxf6 93. Rc5 Rf4 94. Rc8 Ra4 95. Kf2 Ra2+ 96. Kf1 f6 97. Rc3 Ra4 98. Rb3 Rd4 99. Ra3 Rd2 100.
Rb3 f5 101. Ra3 Rb2 102. Rc3 Ra2 103. Rb3 f4 104. Rc3 Rb2 105. Ra3 Rh2 106. Rb3 f3 107. Rb8 Rh1+ 108. Kf2 Rh2+ 109. Kf1 f2 110. Rg8+ Kf3 111. Rf8+ Ke3 112. Re8+ Kd4 113. Rd8+ Ke5 1/2-1/2

[Event "*** Titled Tuesday 3|2 Blitz"]
[Site "Chess.com"]
[Date "2015.11.03"]
[Round "4"]
[White "Thomaslegend"]
[Black "ArnaudovP"]
[Result "0-1"]
[WhiteElo "2133"]
[BlackElo "2309"]
[TimeControl "180+2"]
[EndTime "17:40:28 PST"]
[Termination "ArnaudovP won by resignation"]

1. Nf3 Nf6 2. c4 c5 3. d4 cxd4 4. Nxd4 e5 5. Nb5 d5 6. cxd5 Bc5 7. e3 O-O 8. N1c3 a6 9. Na3 Qe7 10. Nc2 Rd8 11. a4 e4 12. Bc4 Nbd7 13. O-O Ne5 14.
Be2 Bg4 15. Bxg4 Nexg4 16. Rb1 Bd6 17. g3 Ne5 18. Nd4 Bc5 19. Nce2 Rxd5 20. Qe1 Bxd4 21. Nxd4 Rxd4 0-1

[Event "*** Titled Tuesday 3|2 Blitz"]
[Site "Chess.com"]
[Date "2015.11.03"]
[Round "4"]
[White "Tirantes"]
[Black "Kanthecarowin"]
[Result "1-0"]
[WhiteElo "2239"]
[BlackElo "2149"]
[TimeControl "180+2"]
[EndTime "17:42:04 PST"]
[Termination "Tirantes won by resignation"]

1. c4 Nf6 2. Nc3 g6 3. g3 Bg7 4.
Bg2 O-O 5. e4 d6 6. Nge2 c5 7.
d4 Nc6 8. d5 Nd4 9. Nxd4 cxd4 10. Qxd4 e6 11. Qd1 exd5 12. cxd5 Bg4 13. Qb3 Re8 14. O-O Nd7 15. Be3 b6 16. h3 Bxc3 17. bxc3 Be2 18. Rfe1 Ba6 19. Bd4 Ne5 20. Bxe5 Rxe5 21.
f4 Re7 22. e5 dxe5 23. fxe5 Rc8 24. d6 Rd7 25. e6 Rxd6 26. exf7+ Kg7 27. Re8 Qxe8 28.
fxe8=Q Rxe8 29. Qa3 1-0

[Event "*** Titled Tuesday 3|2 Blitz"]
[Site "Chess.com"]
[Date "2015.11.03"]
[Round "4"]
[White "jcibarra"]
[Black "Dlugy"]
[Result "0-1"]
[WhiteElo "2540"]
[BlackElo "2583"]
[TimeControl "180+2"]
[EndTime "17:43:24 PST"]
[Termination "Dlugy won by checkmate"]

1. e4 c5 2. b3 Nc6 3. Bb2 d6 4. Bb5 Bd7 5. f4 a6 6. Bxc6 Bxc6 7. Qe2 Nf6 8. d3 e6 9. Nf3 Be7 10. O-O Qc7 11. c4 O-O-O 12. Nc3 h6 13. a3 g5 14.
fxg5 hxg5 15. Nxg5 d5 16. e5 d4 17. Na2 Rdg8 18. Bc1 Nd7 19. Nf3 Nxe5 20. Nxe5 Qxe5 21. Qxe5 Rxg2+ 22. Kh1 Rgxh2+ 23. Kg1 Rg2# 0-1

[Event "*** Titled Tuesday 3|2 Blitz"]
[Site "Chess.com"]
[Date "2015.11.03"]
[Round "4"]
[White "Noukii"]
[Black "Malev212"]
[Result "1-0"]
[WhiteElo "2640"]
[BlackElo "2291"]
[TimeControl "180+2"]
[EndTime "17:43:41 PST"]
[Termination "Noukii won by resignation"]

1. d4 Nf6 2. c4 b6 3. Nc3 Bb7 4. Qc2 e6 5. e4 Bb4 6. Bd3 c5 7. d5 b5 8. Nf3 bxc4 9. Bxc4 exd5 10. exd5 O-O 11. O-O d6 12. Bg5 h6 13. Bh4 Nbd7 14. Ne4 Qe7 15. Ng3 Ne5 16. Nf5 Nxf3+ 17. gxf3 Qd8 18.
Kh1 Kh8 19. Nxg7 Rg8 20. Qf5 Qd7 21. Bxf6 1-0

[Event "*** Titled Tuesday 3|2 Blitz"]
[Site "Chess.com"]
[Date "2015.11.03"]
[Round "4"]
[White "fastestmindalive"]
[Black "AlexanderL"]
[Result "0-1"]
[WhiteElo "2328"]
[BlackElo "2557"]
[TimeControl "180+2"]
[EndTime "17:43:56 PST"]
[Termination "AlexanderL won by resignation"]

1. e4 e6 2. b3 d5 3. Bb2 Nf6 4. e5 Nfd7 5. f4 c5 6. Qg4 g6 7. Nf3 b6 8. Be2 Ba6 9. Bxa6 Nxa6 10. O-O Nb4 11. Na3 Bg7 12. Ne1 O-O 13. c3 Nc6 14. d4 f5 15. Qe2 Rc8 16. Nf3 Qe7 17. Nb5 cxd4 18. cxd4 Nb4 19. Ba3 a5 20. Rfc1 Nb8 21.
Nd6 Rc6 22. Qb5 Qd7 23. Bxb4 axb4 24. Qxb4 Rd8 25. Qd2 Bf8 26. Nb5 Rxc1+ 27. Rxc1 Qxb5 28.
Ng5 Qd7 29. Qc3 h6 30. Nf3 Kf7 31. h4 Be7 32. h5 gxh5 33. Kf2 Na6 34. Ng1 Nb4 35. a3 Na2 0-1

[Event "*** Titled Tuesday 3|2 Blitz"]
[Site "Chess.com"]
[Date "2015.11.03"]
[Round "4"]
[White "Sadovsky_Artem"]
[Black "DanielNaroditsky"]
[Result "1-0"]
[WhiteElo "2466"]
[BlackElo "2537"]
[TimeControl "180+2"]
[EndTime "17:43:58 PST"]
[Termination "Sadovsky_Artem won by resignation"]

1. e4 e5 2. Nf3 Nc6 3. Nc3 Nf6 4.
Be2 g6 5. d4 exd4 6. Nxd4 d6 7. Bg5 Bg7 8. Nxc6 bxc6 9. e5 dxe5 10.
Qxd8+ Kxd8 11. O-O-O+ Ke7 12. Bf3 Be6 13. Bxc6 Rad8 14.
Be3 Ng4 15. Bc5+ Kf6 16. Ne4+ Kf5 17. h3 Rxd1+ 18. Rxd1 Nf6 19. g4+ Nxg4 20. hxg4+ Kxg4 21. Rg1+ Kh4 22. f3 Kh3 23. Rg3+ Kh4 24. Bf2 Kh5 25.
Rg5+ Kh6 26. Be3 Bf8 27. Rxe5+ Kg7 28. Bd4 Kg8 29. Nf6+ Kg7 30. Ne8+ Kg8 31. Re1 Bxa2 32. Nf6+ Kg7 33. Nd7+ 1-0

[Event "*** Titled Tuesday 3|2 Blitz"]
[Site "Chess.com"]
[Date "2015.11.03"]
[Round "4"]
[White "Penguininja"]
[Black "Viaje"]
[Result "1-0"]
[WhiteElo "2167"]
[BlackElo "2217"]
[TimeControl "180+2"]
[EndTime "17:43:58 PST"]
[Termination "Penguininja won by resignation"]

1. d4 Nf6 2. c4 c5 3. Nf3 cxd4 4.
Nxd4 e5 5. Nb5 d5 6. cxd5 Bc5 7.
N5c3 O-O 8. g3 e4 9. Bg2 Re8 10. O-O Nbd7 11. Bg5 h6 12. Bxf6 Nxf6 13. e3 Bg4 14. Qb3 Qd7 15. Nd2 Bh3 16. Ndxe4 Bxg2 17. Nxf6+ gxf6 18. Kxg2 b5 19. Rfd1 b4 20. Ne2 Qf5 21.
Rac1 Qe4+ 22. Kg1 Rac8 23. Nf4 Bb6 24. d6 Rxc1 25. Rxc1 Rd8 26. Rd1 Qc6 27. Qd3 Rd7 28.
Nd5 Kg7 29. Ne7 Qc5 30. Nf5+ Kh8 31. Nxh6 Bc7 32. Nf5 Bb6 33. Qe4 1-0

[Event "*** Titled Tuesday 3|2 Blitz"]
[Site "Chess.com"]
[Date "2015.11.03"]
[Round "4"]
[White "Izoria123"]
[Black "MMSANCHEZ"]
[Result "1-0"]
[WhiteElo "2459"]
[BlackElo "2307"]
[TimeControl "180+2"]
[EndTime "17:44:41 PST"]
[Termination "Izoria123 won by resignation"]

1. d4 Nf6 2. Nf3 e6 3. c4 b6 4.
e3 Bb7 5. Nc3 Be7 6. Bd3 d5 7.
cxd5 Nxd5 8. e4 Nxc3 9. bxc3 O-O 10. O-O Nd7 11. Bf4 c5 12. Qe2 cxd4 13. cxd4 Rc8 14.
Rac1 h6 15. Qe3 Nf6 16. h3 Ba3 17. Rxc8 Qxc8 18. Bxh6 gxh6 19. Qxh6 Bxe4 20. Qg5+ Bg6 21. Bxg6 fxg6 22. Qxg6+ Kh8 23. Ng5 Qd7 24. Re1 Nh7 25. Nxe6 Rg8 26. Qf5 Bd6 27. Re4 Qa4 28. g3 Qd1+ 29.
Kg2 Qd2 30. Nf4 Bxf4 31. Rxf4 Qxa2 32. Qe5+ Rg7 33. d5 Qa4 34. Rxa4 1-0

[Event "*** Titled Tuesday 3|2 Blitz"]
[Site "Chess.com"]
[Date "2015.11.03"]
[Round "4"]
[White "spirals5"]
[Black "jcgs1030"]
[Result "1-0"]
[WhiteElo "2211"]
[BlackElo "2118"]
[TimeControl "180+2"]
[EndTime "17:44:43 PST"]
[Termination "spirals5 won by resignation"]

1. e4 c5 2. Nf3 d6 3. Nc3 Nf6 4. e5 dxe5 5. Nxe5 a6 6. Bc4 e6 7. a4 Bd6 8. Qe2 Qc7 9. Nf3 Nc6 10.
d3 O-O 11. h3 Nd4 12. Nxd4 cxd4 13. Ne4 Nxe4 14. Qxe4 Bb4+ 15. Bd2 Bxd2+ 16. Kxd2 Rd8 17.
a5 Qc5 18. Rhb1 Bd7 19. b4 Qg5+ 20. f4 Qg3 21. Qf3 Qxf3 22. gxf3 Bc6 23. Ke2 Bd5 24. b5 Rac8 25. bxa6 bxa6 26. Ra4 Bc6 27. Rab4 Bb5 28. R1b2 Rc5 29. Bxb5 axb5 30. Rxb5 Rxb5 31. Rxb5 Kf8 32. Kd2 Ra8 33. Kc1 Ke7 34. Kb2 Kf6 35. Kb3 Kg6 36.
Kc4 Rd8 37. a6 f6 38. a7 Ra8 39. Ra5 e5 40. fxe5 fxe5 41. Kd5 Kf5 42. Kc6 Kf4 43. Kb7 Rd8 44. a8=Q Rxa8 45. Kxa8 1-0

[Event "*** Titled Tuesday 3|2 Blitz"]
[Site "Chess.com"]
[Date "2015.11.03"]
[Round "4"]
[White "simplerXiao"]
[Black "Fh2411"]
[Result "0-1"]
[WhiteElo "2342"]
[BlackElo "2326"]
[TimeControl "180+2"]
[EndTime "17:44:55 PST"]
[Termination "Fh2411 won by resignation"]

1. e4 c5 2. Nf3 e6 3. d4 cxd4 4. Nxd4 a6 5. Nc3 Qc7 6. Be2 b5 7. O-O Bb7 8. Re1 Nc6 9. Nd5 Qd8 10. Bf4 d6 11. Nf5 exd5 12. exd5 Ne5 13. Bh5 Qf6 14. Qd4 O-O-O 15. Bxe5 dxe5 16. Rxe5 g6 17. a4 b4 18.
Rae1 gxf5 19. Qa7 Ne7 20. d6 Qxd6 21. Bf3 Nc6 22. Bxc6 Qxc6 23. f3 Bd6 0-1

[Event "*** Titled Tuesday 3|2 Blitz"]
[Site "Chess.com"]
[Date "2015.11.03"]
[Round "4"]
[White "kharposh"]
[Black "saraswathii"]
[Result "1-0"]
[WhiteElo "2089"]
[BlackElo "1899"]
[TimeControl "180+2"]
[EndTime "17:44:59 PST"]
[Termination "kharposh won on time"]

1. e4 c5 2. Nf3 e6 3. d4 cxd4 4. Nxd4 Nf6 5. Nc3 Nc6 6. Bc4 Bb4 7. O-O O-O 8. Ndb5 a6 9. Nd6 Qe7 10. Bf4 e5 11. Nf5 Qd8 12. Bg5 h6 13. Bxf6 Qxf6 14.
Nd5 Qd8 15. Qg4 Qg5 16. Qxg5 hxg5 17. Nxb4 Nxb4 18. c3 Nc6 19. Rfd1 Rd8 20. Rd6 Na5 21. Bd5 Kf8 22. Rd1 Rb8 23. f3 b5 24. b4 Nc4 25. Bxc4 bxc4 26. a4 g6 27. Ne3 Ke7 28.
Nxc4 f6 29. Nb6 Rb7 30. a5 Rh8 31. c4 1-0

[Event "*** Titled Tuesday 3|2 Blitz"]
[Site "Chess.com"]
[Date "2015.11.03"]
[Round "4"]
[White "WanderingPuppet"]
[Black "gauranga"]
[Result "1-0"]
[WhiteElo "2166"]
[BlackElo "1983"]
[TimeControl "180+2"]
[EndTime "17:45:30 PST"]
[Termination "WanderingPuppet won on time"]

1. e4 b6 2. d4 Bb7 3. Bd3 Nf6 4. Qe2 Nc6 5. c3 e5 6. d5 Ne7 7. Nf3 d6 8. O-O g6 9. c4 Bg7 10. Nc3 O-O 11. h3 Nd7 12. b4 a5 13. Nb5 axb4 14.
Bd2 h6 15. Bxb4 Nc5 16. a4 Rxa4 17. Rxa4 Nxa4 18. Ra1 Nc5 19. Ra7 Nc8 20. Ra3 f5 21.
Bxc5 bxc5 22. Qb2 Nb6 23. Ra7 Qb8 24. Qc2 f4 25. Qa2 Bf6 26. Qa5 Bd8 27. Qa1 g5 28. Nxe5 dxe5 29. Qxe5 Bf6 30. Qf5 Bc8 31. Qg6+ Bg7 32.
Rxc7 Bd7 33. e5 1-0

[Event "*** Titled Tuesday 3|2 Blitz"]
[Site "Chess.com"]
[Date "2015.11.03"]
[Round "4"]
[White "bugsbunny444"]
[Black "Alliswell998"]
[Result "1-0"]
[WhiteElo "2334"]
[BlackElo "2104"]
[TimeControl "180+2"]
[EndTime "17:45:36 PST"]
[Termination "bugsbunny444 won by resignation"]

1. Nf3 c5 2. c4 Nf6 3. g3 b6 4. Bg2 Bb7 5. O-O e6 6. b3 Be7 7. Bb2 O-O 8. Nc3 a6 9. e3 d6 10. d4 Nbd7 11. d5 e5 12. a4 Rb8 13. e4 g6 14. Ne1 Nh5 15. Nd3 Bf6 16. Qd2 Bg7 17. Rae1 Qe7 18. Kh1 Rbe8 19. f4 exf4 20.
gxf4 Qh4 21. Ne2 Bxb2 22. Qxb2 f5 23. e5 dxe5 24. fxe5 f4 25. Kg1 g5 26. e6 Ndf6 27.
Ne5 Ng4 28. Nf3 Nxh2 29. Nxh4 Nxf1 30. Rxf1 gxh4 31. Qe5 Ng3 32. Nxg3 fxg3 33. Rxf8+ Rxf8 34. e7 1-0

[Event "*** Titled Tuesday 3|2 Blitz"]
[Site "Chess.com"]
[Date "2015.11.03"]
[Round "4"]
[White "wanyaland"]
[Black "Shivagami"]
[Result "1-0"]
[WhiteElo "2223"]
[BlackElo "1769"]
[TimeControl "180+2"]
[EndTime "17:46:09 PST"]
[Termination "wanyaland won by resignation"]

1. d4 Nc6 2. c4 e5 3. d5 Nce7 4. Nc3 Ng6 5. e4 Nf6 6. g3 Bc5 7. Bg2 d6 8. Nf3 O-O 9. a3 a6 10. O-O Bd7 11. b4 Bb6 12. h3 h6 13. Kh2 Ne8 14.
g4 Nh4 15. Nxh4 Qxh4 16. f4 Bd4 17. Bd2 Nf6 18. f5 h5 19. gxh5 Nxh5 20. Qg4 Qxg4 21. hxg4 Nf4 22. Bxf4 Bxc3 23. Rac1 Bb2 24. Rc2 Bd4 25.
Bc1 f6 26. g5 Kf7 27. Kg3 c6 28.
c5 dxc5 29. bxc5 cxd5 30. exd5 Rac8 31. g6+ Ke8 32. c6 Kd8 33. Bd2 Be8 34. cxb7 Rb8 35.
Ba5+ Kd7 36. Rc7+ Kd6 37. Rxg7 Bd7 38. Bb4+ Bc5 39. Bxc5+ Kxc5 40. Rxd7 Rfd8 41. Rxd8 Rxd8 42. Rb1 Rb8 43. g7 Kd6 44. Kg4 Ke7 45. Kh5 Kf7 46. Kh6 a5 47. d6 a4 48. Bd5+ 1-0

[Event "*** Titled Tuesday 3|2 Blitz"]
[Site "Chess.com"]
[Date "2015.11.03"]
[Round "4"]
[White "kikydu96"]
[Black "ilmago"]
[Result "1-0"]
[WhiteElo "2224"]
[BlackElo "1903"]
[TimeControl "180+2"]
[EndTime "17:46:26 PST"]
[Termination "kikydu96 won by resignation"]

1. b3 e5 2. Bb2 Nc6 3. e3 Nf6 4.
Bb5 Bd6 5. Na3 a6 6. Bxc6 dxc6 7. Nc4 Qe7 8. Nf3 e4 9. Nxd6+ cxd6 10. Nd4 c5 11.
Ne2 O-O 12. h3 d5 13. Nf4 b5 14. Bxf6 Qxf6 15. Nxd5 Qd6 16. Nf4 g5 17. Ne2 f5 18.
O-O f4 19. exf4 gxf4 20. f3 Ra7 21. fxe4 Rg7 22. Rf3 Qg6 23. Qf1 Qxe4 24. d3 Qe5 25. Nxf4 Bb7 26. Re1 Qxe1 27. Qxe1 Bxf3 28. Qe6+ Kh8 29. Qe5 Rxf4 30. Qxf4 Bxg2 31. Kf2 Bxh3 32. Qf8+ Rg8 33. Qf6+ Rg7 34. Qf8+ Rg8 35. Qxc5 Rg6 36. d4 Kg7 37. Qe5+ Rf6+ 38. Kg3 Bf5 39. d5 Bxc2 40. Qc7+ Kg6 41. Qxc2+ Kg7 42. Qc7+ Kg6 43. d6 1-0

[Event "*** Titled Tuesday 3|2 Blitz"]
[Site "Chess.com"]
[Date "2015.11.03"]
[Round "4"]
[White "chesstatour"]
[Black "LePlusMortel"]
[Result "0-1"]
[WhiteElo "1931"]
[BlackElo "2422"]
[TimeControl "180+2"]
[EndTime "17:46:35 PST"]
[Termination "LePlusMortel won by resignation"]

1. d4 Nf6 2. c4 c5 3. Nf3 cxd4 4. Nxd4 g6 5. Nc3 Bg7 6. e4 d6 7.
Be2 O-O 8. O-O Nc6 9. Be3 Bd7 10.
Rc1 Nxd4 11. Bxd4 Bc6 12. f3 Bh6 13. Rc2 Nh5 14. g3 e5 15. Bf2 f5 16. f4 exf4 17.
Bxh5 fxg3 18. Bxg3 f4 19. Bf2 gxh5 20. Qxh5 Qg5+ 21.
Qxg5+ Bxg5 22. Nd5 Rae8 23. Re1 b6 24. Bd4 Kf7 25. Rf1 Rxe4 26. Bf2 Kg6 27. Rd1 Kf5 28. h4 Bh6 29. b4 Rg8+ 30. Kf1 f3 31. Re1 Rxe1+ 32.
Bxe1 Re8 33. Bf2 Bxd5 34. cxd5 Bf4 35. Rc4 h5 36. Rc3 Kg4 37. Rc4 Re5 38. a4 Rxd5 39.
Rd4 Rxd4 40. Bxd4 Bd2 41. b5 Bb4 42. Be3 Bc5 43. Bd2 Kxh4 44. a5 Kg4 45. a6 d5 46. Bc3 Bd6 47. Bd2 d4 48. Bh6 Kf5 49. Bg7 Ke4 50. Bf6 Kd5 51. Bd8 Kc5 0-1

[Event "*** Titled Tuesday 3|2 Blitz"]
[Site "Chess.com"]
[Date "2015.11.03"]
[Round "4"]
[White "ZEN-22"]
[Black "Anton_Demchenko"]
[Result "1-0"]
[WhiteElo "2177"]
[BlackElo "2624"]
[TimeControl "180+2"]
[EndTime "17:47:14 PST"]
[Termination "ZEN-22 won by resignation"]

1. e3 Nf6 2. Ne2 g6 3. h4 Bg7 4. h5 Nxh5 5. Rxh5 gxh5 6. Nf4 e5 7. Nxh5 Bh6 8. Qf3 Qe7 9. Nc3 c6 10. Ne4 d5 11. Nef6+ Kd8 12. c4 d4 13. Bd3 Nd7 14.
Ng4 Bg5 15. Bf5 Nc5 16. e4 f6 17. Bxc8 Rxc8 18. d3 Rf8 19. Qf5 Nxd3+ 20. Kd1 Nxc1 21. Rxc1 Bxc1 22. Kxc1 Kc7 23. Nhxf6 Rcd8 24. Qg5 Kb8 25. f4 exf4 26. Qxf4+ Ka8 27. e5 d3 28. a3 d2+ 29.
Kd1 Qc5 30. Ne3 Rd4 31. Qf5 Rh4 32. Kxd2 Rd8+ 33. Ke2 Qd4 34. g3 Rh2+ 35. Kf3 Qxb2 36. Nfg4 Qe2+ 37. Kf4 h6 38. e6 Rf2+ 39. Nxf2 Qxf2+ 40. Ke4 Qxg3 41. e7 Re8 42. Qf7 Qg8 43. Qxg8 Rxg8 44.
Nf5 Re8 45. Ke5 h5 46. Ke6 b5 47. c5 a5 48. Kd7 Rxe7+ 49. Nxe7 b4 50. Kxc6 b3 51. Nd5 b2 52. Nc3 h4 53. Kd7 h3 54. c6 h2 55. c7 h1=Q 56. c8=Q+ Ka7 57. Qc5+ Kb7 58. Qb5+ Ka7 59. Qxa5+ Kb7 60. Qb5+ Ka7 61. Qc5+ Kb7 62. Qb4+ Ka6 63. Qb5+ Ka7 64. Qxb2 Qh7+ 65.
Kd6 Qg6+ 66. Kc5 Qf6 67. Qb4 Qe7+ 68. Kc4 Qe6+ 69. Nd5 Qe2+ 70. Kc5 Qf2+ 71. Qd4 Qc2+ 72.
Kb5+ Ka8 73. Nb6+ Kb7 74. Qd7+ Kb8 75. Qd6+ Kb7 76. Qd5+ Kc7 77. Qc5+ Qxc5+ 78. Kxc5 Kb7 79. Kb5 Ka7 80. a4 Kb7 81. a5 Ka7 82. a6 1-0

[Event "*** Titled Tuesday 3|2 Blitz"]
[Site "Chess.com"]
[Date "2015.11.03"]
[Round "4"]
[White "GrigorGrigorov"]
[Black "ItalianMachine"]
[Result "1-0"]
[WhiteElo "2414"]
[BlackElo "2251"]
[TimeControl "180+2"]
[EndTime "17:48:12 PST"]
[Termination "GrigorGrigorov won by resignation"]

1. d4 Nf6 2. Nf3 g6 3. g3 Bg7 4. Bg2 O-O 5. O-O d5 6. c4 c6 7. Nbd2 a6 8. b3 Nbd7 9. Bb2 Qc7 10. Rc1 e6 11. Ne1 b5 12. Nd3 Rb8 13. cxd5 exd5 14. Nb4 Bb7 15. Nxd5 Nxd5 16. Bxd5 Qd6 17. Bg2 f5 18. e3 Rbc8 19. Rc2 Nb6 20. Qc1 Rf7 21. Ba3 Qd7 22. Nf3 Nd5 23. Ne1 a5 24. Nd3 Ba8 25. Rd1 b4 26. Bb2 Re7 27. a3 Rb8 28. axb4 axb4 29.
Rc4 Qd6 30. Qd2 Reb7 31. Ra1 Rb5 32. Qc2 Bb7 33. Ra7 Nb6 34. Rc5 Nc8 35. Qc4+ Kh8 36. Ra1 Nb6 37. Qc2 Nd5 38. Ra7 h6 39. Bxd5 Rxc5 40.
Qxc5 Qxd5 41. Qxd5 cxd5 42. Nc5 Bc6 43. Ra6 Be8 44. Ne6 Bf6 45. Nf4 Kg7 46. Nxd5 Bg5 47. h4 Bd8 48. Nf4 Bf7 49. Ne6+ Kg8 50. d5 Be7 51. Bd4 g5 52. hxg5 hxg5 53. Kg2 Kh7 54. Ra7 Re8 55. Nxg5+ Bxg5 56. Rxf7+ Kg6 57. Rb7 Rd8 58.
Rb5 Rd6 59. f4 Bf6 60. Be5 Bxe5 61. fxe5 Rd7 62. Kf3 Rc7 63. d6 Rc1 64. Rd5 Rc8 65.
Kf4 Rd8 66. d7 Kf7 67. Kxf5 Ke7 68. e6 Rf8+ 69. Ke5 Rd8 70. g4 1-0

[Event "*** Titled Tuesday 3|2 Blitz"]
[Site "Chess.com"]
[Date "2015.11.03"]
[Round "4"]
[White "Cryptochess"]
[Black "AdrianaNikolova"]
[Result "1-0"]
[WhiteElo "2420"]
[BlackElo "2212"]
[TimeControl "180+2"]
[EndTime "17:49:08 PST"]
[Termination "Cryptochess won on time"]

1. e4 c5 2. Nc3 Nc6 3. g3 g6 4.
Bg2 Bg7 5. d3 Rb8 6. Be3 d6 7.
Qd2 b5 8. Nge2 b4 9. Nd1 Qb6 10. O-O e6 11. f4 Nge7 12. c3 bxc3 13. bxc3 O-O 14. g4 f5 15. gxf5 exf5 16. Ng3 Ba6 17.
Re1 fxe4 18. Nxe4 Nf5 19. Bf2 Qb5 20. Ng5 h6 21. Ne6 Rf6 22. Nc7 Qb7 23. Ne8 Kh7 24. Nxf6+ Bxf6 25. Re6 Be7 26. Ne3 Qd7 27. Nxf5 Qxe6 28.
Nxe7 Nxe7 29. Re1 Qf6 30. d4 Nf5 31. dxc5 dxc5 32. Qd7+ Qg7 33. Qxg7+ Kxg7 34. Bxc5 Rc8 35. Bd4+ Nxd4 36. cxd4 Kf6 37. d5 Bc4 38. Re6+ Kf5 39. Re7 Kxf4 40. Rxa7 Rc5 41. d6 Be6 42. Re7 Bf5 43.
Re2 Rc1+ 44. Kf2 Rd1 45. Rb2 Rxd6 46. Rb4+ Kg5 47. h4+ Kf6 48. a4 Rd2+ 49. Kg3 Rd3+ 50. Kf2 Rd2+ 51. Kf3 Rd3+ 52. Ke2 Ra3 53. Bd5 Ke5 54.
Bc6 h5 55. Bb5 Kd5 56. Rb2 Ke4 57. Rd2 Kf4 58. Rd4+ Kg3 59. Kd2 Rf3 60. a5 Rf4 61. Rxf4 Kxf4 62. Bc6 Bc8 63. Be8 Bf5 64. Bc6 Bc8 65. Kc3 Kg4 66. Be8 Bf5 67. Kd4 Kxh4 68. a6 Bc8 69. a7 Bb7 70. Bxg6 Kg4 71. Be4 Bxe4 72. Kxe4 h4 73. a8=Q h3 74. Qg8+ Kh4 75.
Kf4 1-0

[Event "*** Titled Tuesday 3|2 Blitz"]
[Site "Chess.com"]
[Date "2015.11.03"]
[Round "4"]
[White "TheLancer"]
[Black "Aygehovit1992"]
[Result "0-1"]
[WhiteElo "2316"]
[BlackElo "2475"]
[TimeControl "180+2"]
[EndTime "17:49:13 PST"]
[Termination "Aygehovit1992 won by resignation"]

1. e4 c5 2. Nc3 Nc6 3. f4 g6 4. Nf3 Bg7 5. Bc4 e6 6. f5 Nge7 7. fxe6 dxe6 8. d3 a6 9. a4 Nd4 10. O-O O-O 11. Nxd4 cxd4 12. Ne2 Bd7 13. a5 Nc6 14.
Bd2 Ne5 15. Bb3 Rc8 16. Qe1 Ng4 17. Bb4 Re8 18. Qg3 Ne3 19. Qf2 Nxf1 20. Rxf1 f6 21. Nxd4 Kh8 22. e5 fxe5 23. Nf3 e4 24. dxe4 Bb5 25.
Re1 Bc4 26. Ba4 Bb5 27. Bb3 Qf6 28. e5 Qf4 29. c3 Bc6 30. Bd1 Bxf3 31. Bxf3 Rc7 32.
Bd6 Rf7 33. Re4 Qc1+ 34. Re1 Qg5 35. Qe3 Qxe3+ 36. Rxe3 Bf8 37. c4 Bxd6 38. exd6 Kg7 39. c5 Rc8 40. b4 Kf6 41. Re4 e5 42. Bg4 Rd8 43. Bf3 h5 44. h4 Ke6 45. Re2 Rf4 46. Rb2 e4 47. Be2 Kd5 48. Rd2+ Ke5 49. g3 Rf7 50.
Bc4 Rf3 51. Kg2 Rc3 52. Bd5 Rd7 53. Ba2 e3 54. Re2 Kd4 55. Kf3 Rd8 56. Be6 Rf8+ 57.
Kg2 Kd3 58. Re1 Rc2+ 59. Kh3 Rff2 60. g4 Rh2+ 61. Kg3 Rcg2+ 62. Kf4 Rf2+ 63. Kg5 hxg4 64. d7 Rf8 65. Kxg6 Kd2 66. Ra1 e2 67. Kg7 Rd8 68. Kf6 e1=Q 69. Rxe1 Kxe1 70. Bxg4 Rxh4 71. Be6 Rxb4 72.
Ke7 Rh8 73. d8=Q Rxd8 74. Kxd8 Rb5 75. Kc7 Kd2 76. Bc8 Rxa5 77. Kxb7 Rxc5 78. Bd7 Ra5 79. Kb6 Ra1 80. Bc8 a5 81. Kb5 Kc3 82. Be6 a4 83. Ka5 a3 84. Ka4 Kb2 0-1

[Event "*** Titled Tuesday 3|2 Blitz"]
[Site "Chess.com"]
[Date "2015.11.03"]
[Round "4"]
[White "ChadaevNikolay"]
[Black "Boryboy"]
[Result "0-1"]
[WhiteElo "2565"]
[BlackElo "2488"]
[TimeControl "180+2"]
[EndTime "17:49:40 PST"]
[Termination "Boryboy won by resignation"]

1. d4 e6 2. c4 d5 3. Nf3 Nf6 4. g3 dxc4 5. Bg2 Bb4+ 6. Nc3 O-O 7. O-O Nbd7 8. Bg5 c6 9. a4 h6 10. Bxf6 Qxf6 11. e3 e5 12. Qe2 exd4 13. exd4 a5 14.
Qxc4 Nb6 15. Qe2 Bg4 16. Qe5 Qxe5 17. Nxe5 Bf5 18. Ne4 Rfe8 19. Nc3 Rad8 20. Rfd1 f6 21. Nf3 Nc4 22. Ra2 c5 23. Nb5 Re2 24. Bf1 Rc2 25.
d5 Be4 26. Ne1 Bxe1 27. Rxe1 Bxd5 28. Raa1 Nxb2 29. Re7 b6 30. Nc7 Bf7 31. Ne6 Re8 32. Rxe8+ Bxe8 33. Nc7 Bxa4 34. Nd5 b5 35. Re1 b4 36. Ne7+ Kf7 37. Nf5 Bd7 38. Re7+ Kg6 39.
Ne3 Rd2 40. h4 h5 41. f3 a4 42. g4 a3 43. gxh5+ Kh6 44. Nc4 Nxc4 45. Bxc4 Bf5 46. Re8 g6 47. hxg6 Bxg6 48. Ra8 Rd4 49. Be6 Rxh4 50.
Kf2 Rh2+ 51. Kg3 Rd2 52. f4 Bh5 53. Rh8+ Kg6 54. f5+ Kg5 55. Rg8+ Kh6 56. Rh8+ Kg7 57. Rxh5 a2 58. Rh1 Rb2 59. Ra1 b3 60. Bxb3 Rxb3+ 61. Kf4 Rb2 62. Ke4 Kf7 63. Kd3 Rf2 64. Kc4 Rxf5 65.
Rxa2 Re5 66. Ra7+ Kg6 67. Ra1 f5 68. Rg1+ Kf6 69. Rf1 Kg5 70. Rg1+ Kf6 71. Rf1 Ke6 72. Rf2 Kd6 73. Rd2+ Kc6 74. Rf2 Re4+ 75. Kd3 Rd4+ 76. Kc3 f4 77. Rh2 Kd5 78. Rh5+ Ke4 79. Rxc5 Rd8 80.
Rc7 f3 81. Re7+ Kf4 82. Rf7+ Ke3 83. Rg7 f2 84. Re7+ Kf3 85. Rf7+ Ke2 86. Re7+ Kf1 87. Rg7 Rd1 88. Kc2 Rd5 89. Kc3 Ke2 90. Re7+ Kf3 91.
Rf7+ Kg3 92. Kc4 Rd1 0-1